 Dungeon Crawl Stone Soup version 0.31-a0-174-g85c54bcb58 (webtiles) character file.

Game seed: 6505652956979171736

1439 qw the Skirmisher (level 8, -4/74 HPs)
             Began as a Naga Hunter on June 15, 2023.
             Killed by divine providence
             ... invoked by an orc priest
              (11 damage)
             ... on level 6 of the Dungeon.
             The game lasted 00:01:54 (4143 turns).

qw the Skirmisher (Naga Hunter)                     Turns: 4143, Time: 00:01:55

Health: -4/74      AC: 11    Str: 14    XL:     8   Next: 74%
Magic:  8/8        EV:  8    Int:  9    God:
Gold:   225        SH:  0    Dex: 17    Spells: 7/7 levels left

rFire   . . .        Y - +3 shortbow
rCold   . . .        (shield currently unavailable)
rNeg    . . .        c - +0 leather armour
rPois   +            f - +0 helmet
rElec   .            (no cloak)
rCorr   .            g - +1 pair of gloves
SInv    +            e - +0 barding
Will    +....        (no amulet)
Stlth   ++           (no ring)
HPRegen 0.32/turn    (no ring)
MPRegen 0.11/turn

%: no passive effects
@: short of breath, very slow
A: AC +2, large, see invisible, deformed body, poison resistance, slowness 2,
spit poison 1, naga tail 1
a: Spit Poison


You were on level 6 of the Dungeon.
You visited 2 branches of the dungeon, and saw 7 of its levels.

You collected 225 gold pieces.


Innate Abilities, Weirdness & Mutations

Your serpentine skin is tough. (AC +2)
You have supernaturally acute eyesight. (SInv)
Armour fits poorly on your strangely shaped body.
Your system is resistant to poisons. (rPois)
You cover ground very slowly.
You can spit poison.
You have a snake-like lower body.


   Skills:
 - Level 5.1 Fighting
 + Level 8.7 Ranged Weapons
 - Level 2.0 Armour
 - Level 2.4 Dodging
 - Level 1.5 Stealth


You had 7 spell levels left.
You didn't know any spells.
Your spell library was empty.

Inventory:

Hand Weapons
 Y - a +3 shortbow (weapon)
Armour
 c - a +0 leather armour (worn)
 e - a +0 barding (worn)
 f - a +0 helmet (worn)
 g - a +1 pair of gloves (worn)
Scrolls
 a - a scroll of identify
 h - 2 scrolls of teleportation
 i - a scroll of blinking {unknown}
Potions
 b - a potion of heal wounds
 d - 2 potions of curing
 j - a potion of mutation

Dungeon Overview and Level Annotations

Branches:
Dungeon (6/15)             Temple (1/1) D:5

Altars:
Ashenzari
Cheibriados
Dithmenos
Elyvilon
Fedhas
Gozag
Hepliaklqana
Kikubaaqudgha
Makhleb
Nemelex Xobeh
Qazlal
Ru
Sif Muna
Trog
Uskayaw
Vehumet
Wu Jian
Xom
Yredelemnul
Zin
The Shining One


Message History

You shoot an arrow. The arrow barely misses the ice beast.
The arrow closely misses the orc priest.
The arrow completely misses the orc wizard.
The ice beast hits you but does no damage.
The orc priest calls upon Beogh to heal the orc wizard.
The orc wizard is healed somewhat.
You shoot an arrow. The arrow hits the ice beast!
The ice beast is severely wounded.
The ice beast hits you but does no damage.
The orc priest hits you with a +0 hand axe.
You shoot an arrow. The arrow hits the ice beast.
The ice beast is almost dead.
You have got your breath back.
The ice beast hits you. The ice beast freezes you!
The orc priest hits you with a +0 hand axe.
4140 ||| INVOKING Spit Poison.
Aiming: Spit Poison (1% risk of failure)
Press: ? - help, Shift-Dir - straight line, f - orc priest, p - ice beast The splash of poison misses the orc priest.
The ice beast hits you but does no damage.
The orc priest mumbles some strange prayers to Beogh against you.
Beogh smites you!
You shoot an arrow. The arrow hits the ice beast.
You kill the ice beast!
The orc priest hits you with a +0 hand axe.
The orc wizard hits you but does no damage.
You shoot an arrow. The arrow misses the orc wizard.
You have got your breath back.
The orc wizard looks more healthy.
The orc priest hits you but does no damage.
The orc wizard closely misses you.
4143 ||| INVOKING Spit Poison.
Aiming: Spit Poison (1% risk of failure)
Press: ? - help, Shift-Dir - straight line, f/p - orc wizard The splash of poison misses the orc wizard.
The orc priest mumbles some strange prayers to Beogh against you.
Beogh smites you!
The orc priest invokes the aid of Beogh against you.
Beogh smites you!
You die...

#.........
#..<.....
##........
#........
#......).
#.....o.#
......oo##
#o@o#
##.)#
#.)##
##..#
#..##
##.)# #..#
#.. ##.##
#... #..#


You could see 2 orc priests, 2 orc wizards and an orc.

Vanquished Creatures
  A sky beast (D:6)
  3 ice beasts
  3 elf skeletons (D:4)
  3 scorpions (D:5)
  5 wights (D:6)
  2 hounds (D:5)
  2 human skeletons (D:4)
  A human zombie (D:4)
  An orc priest (D:4)
  2 sleepcaps (D:5)
  An iguana (D:5)
  2 orc wizards
  Terence (D:2)
  7 adders
  2 worms
  3 dart slugs (D:3)
  14 orcs
  3 endoplasms
  3 giant cockroaches
  6 goblins
  8 hobgoblins
  2 jackals (D:4)
  8 kobolds
  3 quokkas
  5 ball pythons
  2 bats
  5 frilled lizards
  7 rats
105 creatures vanquished.

Notes
Turn   | Place    | Note
-------+----------+-------------------------------------------
     0 | D:1      | qw the Naga Hunter began the quest for the Orb.
     0 | D:1      | Reached XP level 1. HP: 19/19 MP: 1/1
     0 | D:1      | 0 ||| qw: Version: 0.2-a-29-g511e9b1
     0 | D:1      | 0 ||| qw: Game counter: 5378
     0 | D:1      | 0 ||| qw: Always use a shield: true
     0 | D:1      | 0 ||| qw: God list: Okawaru
     0 | D:1      | 0 ||| qw: Allow faded altars: false
     0 | D:1      | 0 ||| qw: Do Orc after D:15 true
     0 | D:1      | 0 ||| qw: Do second Lair branch before Depths: true
     0 | D:1      | 0 ||| qw: Lair rune preference: random
     0 | D:1      | 0 ||| qw: Plans: Normal
     0 | D:1      | 0 ||| PLANNING D:1-11
    15 | D:1      | Found a faded altar of an unknown god.
    48 | D:1      | 48 ||| INVOKING Spit Poison.
    53 | D:1      | 53 ||| INVOKING Spit Poison.
    64 | D:1      | 64 ||| INVOKING Spit Poison.
    89 | D:1      | 89 ||| INVOKING Spit Poison.
   119 | D:1      | 119 ||| INVOKING Spit Poison.
   120 | D:1      | Reached skill level 4 in Ranged Weapons
   120 | D:1      | Reached XP level 2. HP: 26/26 MP: 2/2
   125 | D:1      | 125 ||| INVOKING Spit Poison.
   179 | D:1      | 179 ||| INVOKING Spit Poison.
   184 | D:1      | 184 ||| INVOKING Spit Poison.
   190 | D:1      | 190 ||| INVOKING Spit Poison.
   495 | D:1      | 495 ||| UPGRADING to +0 barding.
   500 | D:1      | 500 ||| UPGRADING to +1 pair of gloves.
   505 | D:1      | 505 ||| DROPPING +6 ring of intelligence.
   506 | D:1      | 506 ||| READING scroll labelled NOFAUHIEMA.
   509 | D:1      | 509 ||| DROPPING scroll of butterflies.
   531 | D:2      | 531 ||| INVOKING Spit Poison.
   554 | D:2      | 554 ||| INVOKING Spit Poison.
   566 | D:2      | 566 ||| INVOKING Spit Poison.
   632 | D:2      | Reached XP level 3. HP: 32/32 MP: 3/3
   649 | D:2      | 649 ||| INVOKING Spit Poison.
   656 | D:2      | 656 ||| READING scroll labelled ZORCHI GAGOGOX.
   657 | D:2      | 657 ||| READING scroll labelled RILUUVAPHO.
   674 | D:2      | 674 ||| INVOKING Spit Poison.
   690 | D:2      | Reached skill level 1 in Armour
   762 | D:2      | 762 ||| INVOKING Spit Poison.
   768 | D:2      | 768 ||| INVOKING Spit Poison.
   870 | D:2      | 870 ||| INVOKING Spit Poison.
   874 | D:2      | Noticed Terence
   875 | D:2      | 875 ||| INVOKING Spit Poison.
   881 | D:2      | 881 ||| INVOKING Spit Poison.
   883 | D:2      | Killed Terence
   974 | D:2      | Reached XP level 4. HP: 39/39 MP: 4/4
  1018 | D:2      | 1018 ||| READING scroll labelled HAFEOL NAFO.
  1019 | D:2      | 1019 ||| READING scroll labelled MIEGEZ XA POMM.
  1020 | D:2      | 1020 ||| DRINKING 2 dark potions.
  1021 | D:2      | 1021 ||| READING 2 scrolls of identify.
  1021 | D:2      | 1021 ||| IDENTIFYING glowing ruby potion
  1022 | D:2      | 1022 ||| DROPPING potion of degeneration.
  1084 | D:3      | 1084 ||| FLEEEEING.
  1115 | D:3      | 1115 ||| INVOKING Spit Poison.
  1125 | D:3      | 1125 ||| INVOKING Spit Poison.
  1141 | D:3      | Found an opulent altar of Gozag.
  1174 | D:3      | Found a stormy altar of Qazlal.
  1183 | D:3      | Found a basalt altar of Yredelemnul.
  1236 | D:3      | 1236 ||| INVOKING Spit Poison.
  1240 | D:3      | 1240 ||| INVOKING Spit Poison.
  1241 | D:3      | Reached skill level 5 in Ranged Weapons
  1319 | D:3      | 1319 ||| INVOKING Spit Poison.
  1368 | D:3      | 1368 ||| INVOKING Spit Poison.
  1389 | D:3      | 1389 ||| INVOKING Spit Poison.
  1434 | D:3      | 1434 ||| INVOKING Spit Poison.
  1439 | D:3      | 1439 ||| INVOKING Spit Poison.
  1440 | D:3      | 1440 ||| READING scroll labelled UPPIABL PIOQE.
  1445 | D:3      | 1445 ||| INVOKING Spit Poison.
  1453 | D:3      | 1453 ||| INVOKING Spit Poison.
  1584 | D:4      | 1584 ||| PLANNING OSSUARY
  1584 | D:4      | 1584 ||| INVOKING Spit Poison.
  1585 | D:4      | 1585 ||| STAIRDANCE
  1587 | D:3      | 1587 ||| INVOKING Spit Poison.
  1655 | D:4      | 1655 ||| INVOKING Spit Poison.
  1656 | D:4      | 1656 ||| STAIRDANCE
  1700 | D:4      | 1700 ||| INVOKING Spit Poison.
  1704 | D:4      | 1704 ||| INVOKING Spit Poison.
  1708 | D:4      | Reached skill level 3 in Fighting
  1708 | D:4      | Reached XP level 5. HP: 49/49 MP: 5/5
  1757 | D:4      | 1757 ||| INVOKING Spit Poison.
  1852 | D:4      | 1852 ||| INVOKING Spit Poison.
  1875 | D:4      | 1875 ||| INVOKING Spit Poison.
  1879 | D:4      | 1879 ||| INVOKING Spit Poison.
  1883 | D:4      | 1883 ||| INVOKING Spit Poison.
  1895 | D:4      | 1895 ||| INVOKING Spit Poison.
  1901 | D:4      | 1901 ||| INVOKING Spit Poison.
  1951 | D:4      | 1951 ||| INVOKING Spit Poison.
  1955 | D:4      | 1955 ||| INVOKING Spit Poison.
  1970 | D:4      | 1970 ||| INVOKING Spit Poison.
  1973 | D:4      | 1973 ||| INVOKING Spit Poison.
  2098 | D:4      | 2098 ||| RIP OSSUARY
  2175 | D:4      | 2175 ||| PLANNING D:1-11
  2190 | D:4      | Reached skill level 6 in Ranged Weapons
  2190 | D:4      | Reached XP level 6. HP: 40/56 MP: 6/6
  2430 | D:4      | Reached XP level 7. HP: 44/64 MP: 7/7
  2552 | D:4      | 2552 ||| DRINKING 2 emerald potions.
  2553 | D:4      | 2553 ||| READING 3 scrolls of identify.
  2553 | D:4      | 2553 ||| IDENTIFYING fizzy ruby potion
  2554 | D:4      | 2554 ||| READING 2 scrolls of identify.
  2554 | D:4      | 2554 ||| IDENTIFYING green potion
  2555 | D:4      | 2555 ||| DROPPING potion of invisibility.
  2556 | D:4      | 2556 ||| DROPPING potion of attraction.
  2572 | D:5      | Entered Level 5 of the Dungeon
  2575 | D:5      | 2575 ||| INVOKING Spit Poison.
  2631 | D:5      | 2631 ||| INVOKING Spit Poison.
  2704 | D:5      | 2704 ||| READING scroll of enchant weapon.
  2704 | D:5      | 2704 ||| ENCHANTING +1 shortbow.
  2739 | D:5      | 2739 ||| INVOKING Spit Poison.
  2802 | D:5      | 2802 ||| INVOKING Spit Poison.
  2805 | D:5      | 2805 ||| INVOKING Spit Poison.
  2806 | D:5      | Reached skill level 7 in Ranged Weapons
  2809 | D:5      | 2809 ||| READING scroll of enchant weapon.
  2809 | D:5      | 2809 ||| ENCHANTING +2 shortbow.
  2817 | D:5      | 2817 ||| INVOKING Spit Poison.
  2821 | D:5      | 2821 ||| INVOKING Spit Poison.
  2829 | D:5      | 2829 ||| INVOKING Spit Poison.
  2833 | D:5      | 2833 ||| INVOKING Spit Poison.
  2836 | D:5      | 2836 ||| INVOKING Spit Poison.
  2839 | D:5      | 2839 ||| INVOKING Spit Poison.
  2846 | D:5      | 2846 ||| INVOKING Spit Poison.
  2851 | D:5      | 2851 ||| INVOKING Spit Poison.
  2996 | D:5      | Found a staircase to the Ecumenical Temple.
  2997 | D:5      | 2997 ||| PLANNING TEMPLE
  2997 | D:5      | 2997 ||| UPGRADING to +0 helmet.
  3002 | D:5      | 3002 ||| DROPPING ring of wizardry.
  3011 | Temple   | Entered the Ecumenical Temple
  3086 | Temple   | 3086 ||| PLANNING D:1-11
  3132 | D:5      | 3132 ||| INVOKING Spit Poison.
  3139 | D:5      | 3139 ||| INVOKING Spit Poison.
  3243 | D:5      | 3243 ||| INVOKING Spit Poison.
  3266 | D:5      | Reached skill level 8 in Ranged Weapons
  3266 | D:5      | Reached XP level 8. HP: 57/72 MP: 8/8
  3651 | D:5      | 3651 ||| INVOKING Spit Poison.
  3656 | D:5      | 3656 ||| READING 2 scrolls of identify.
  3656 | D:5      | 3656 ||| IDENTIFYING grey potion
  3682 | D:6      | 3682 ||| STAIRDANCE
  3870 | D:6      | 3870 ||| INVOKING Spit Poison.
  3876 | D:6      | 3876 ||| INVOKING Spit Poison.
  3883 | D:6      | 3883 ||| INVOKING Spit Poison.
  4135 | D:6      | 4135 ||| INVOKING Spit Poison.
  4140 | D:6      | 4140 ||| INVOKING Spit Poison.
  4143 | D:6      | 4143 ||| INVOKING Spit Poison.
  4143 | D:6      | HP: 7/74 [orc priest/divine providence (14)]
  4143 | D:6      | Killed from afar by an orc priest

Levels and vault maps discovered:
D:1:      tekkud_arrival_beachfront_property, layout_rooms,
          dreamdust_ecumenical_altar_statues, chequers_serial_rivers_micro_b,
          kennysheep_small_spiral
D:2:      layout_basic, serial_glass, glass_columns_c, glass_columns_c,
          glass_columns_a, glass_columns_a, glass_columns_a, glass_columns_a,
          glass_columns_c, uniq_terence
D:3:      layout_rooms, mainiacjoe_overflow_alcove_4,
          mainiacjoe_overflow_large_starburst, minmay_misc_feat_cross,
          minmay_surrounded
D:4:      layout_cave_pools, nicolae_ossuary_entry_catacombs
D:5:      layout_basic, minmay_temple_entry_poolview
D:6:      layout_cave_pods, amcnicky_altar_gilded
Temple:   compressed_dpeg_circular_temple

Skill      XL: |  1  2  3  4  5  6  7  8 |
---------------+-------------------------+-----
Ranged Weapons | 4 5 6 8 |  8.7
Armour         | 1 2 |  2.0
Fighting       | 3 4 5 |  5.1
Dodging        | 2 |  2.4
Stealth        | |  1.5

Action                     |  1- 3 |  4- 6 |  7- 9 || total
---------------------------+-------+-------+-------++-------
   Fire: Shortbow          |    52 |   172 |   165 ||   389
Ability: Spit Poison       |    19 |    26 |    23 ||    68
    Use: Scroll            |     3 |     4 |     5 ||    12
         Potion            |       |     1 |     1 ||     2
 Armour: Leather armour    |     2 |    49 |    47 ||    98
  Dodge: Dodged            |     5 |    25 |    27 ||    57

Table legend:
 A = Non-vault XP
 B = Vault XP
 C = Vault XP percentage of total XP
 D = Non-vault monster count
 E = Vault monster count
 F = Vault count percentage of total count
                 A         B        C        D         E       F
            +---------+---------+-------+---------+---------+-------
      Total |    1651 |     406 |  19.7 |      92 |      13 |  12.4
            +---------+---------+-------+---------+---------+-------
        D:1 |      27 |       0 |   0.0 |      18 |       0 |   0.0
        D:2 |      23 |      32 |  58.2 |      13 |       1 |   7.1
        D:3 |      50 |      14 |  21.9 |      16 |       6 |  27.3
        D:4 |     146 |     360 |  71.1 |      18 |       6 |  25.0
        D:5 |     795 |       0 |   0.0 |      20 |       0 |   0.0
        D:6 |     610 |       0 |   0.0 |       7 |       0 |   0.0
            +---------+---------+-------+---------+---------+-------
